 Dungeon Crawl Stone Soup version 0.23.2-1-ga50397a (webtiles) character file.

Game seed: 17243376485644655564

68 Fang the Skirmisher (level 4, -2/43 HPs)
             Began as a Gargoyle Berserker on Apr 25, 2019.
             Was a Believer of Trog.
             Slain by an ogre
             ... wielding a +0 giant club
              (16 damage)
             ... on level 2 of the Dungeon.
             The game lasted 00:01:43 (1477 turns).

Fang the Skirmisher (Gargoyle Berserker)            Turns: 1477, Time: 00:01:43

Health: -2/43      AC:  5    Str: 26    XL:     4   Next: 19%
Magic:  4/4        EV: 12    Int:  8    God:    Trog [**....]
Gold:   59         SH:  0    Dex:  9    Spells: 3/3 levels left

rFire    . . .     SeeInvis .   a - +0 hand axe
rCold    . . .     Gourm    .   (no shield)
rNeg     + . .     Faith    .   b - +0 animal skin
rPois    ∞         Spirit   .   (no helmet)
rElec    +         Reflect  .   (no cloak)
rCorr    .         Harm     .   (no gloves)
MR       .....                  (no boots)
Stlth    ..........             d - amulet of magic regeneration (curse)
HPRegen  0.14/turn              (no ring)
MPRegen  0.34/turn              (no ring)

@: berserking, very quick
A: negative energy resistance 1, electricity resistance, unbreathing,
petrification resistance, rot immunity, AC +3
a: Berserk, Trog's Hand, Renounce Religion


You were on level 2 of the Dungeon.
You worshipped Trog.
Trog was pleased with you.
You were hungry.

You visited 1 branch of the dungeon, and saw 2 of its levels.

You collected 59 gold pieces.

Inventory:

Hand Weapons
 a - a +0 hand axe (weapon)
Armour
 b - a +0 animal skin (worn)
Jewellery
 d - a cursed amulet of magic regeneration (around neck)
 l - an uncursed ring of protection from cold {unknown}
 n - an uncursed amulet of rage {unknown}
Scrolls
 g - 2 scrolls of remove curse {unknown}
 h - a scroll of teleportation {unknown}
 i - 2 scrolls of identify
 k - a scroll of enchant weapon {unknown}
Potions
 e - 2 potions of heal wounds {unknown}
 j - 2 potions of curing {unknown}
 m - a potion of flight {unknown}
Comestibles
 c - 4 rations
 f - 3 chunks of flesh


   Skills:
 + Level 3.9 Fighting
 + Level 3.2 Axes
 + Level 3.0 Armour
 + Level 2.2 Dodging


You had 3 spell levels left.
You didn't know any spells.
Your spell library was empty.

Dungeon Overview and Level Annotations

Branches:
Dungeon (2/15)

Altars:
Ru


Innate Abilities, Weirdness & Mutations

You are resistant to torment.
Your stone body is resilient. (AC +3)
You are immune to poison.
You resist negative energy. (rN+)
You are resistant to electric shocks. (rElec)
You can survive without breathing.
You are immune to petrification.
You are immune to rotting.


Message History

You hit the ogre.
The ogre is moderately wounded.
The ogre hits you with a +0 giant club!
You are too injured to fight recklessly!
You are too injured to fight recklessly!
You are too injured to fight recklessly!
You are too injured to fight recklessly!
You are too injured to fight recklessly!
You are too injured to fight recklessly!
An ogre is nearby!
A red film seems to cover your vision as you go berserk!
You feel yourself moving faster!
You feel mighty!
You are feeling hungry.
You hit the ogre.
The ogre is heavily wounded.
The ogre misses you.
You slash the ogre!
The ogre is severely wounded.
The ogre hits you with a +0 giant club!
You die...

.##### #.# .#
#.########## .#
#####.##.......#
.#
#.........####.#
.#
#.###........#
.#
#.######...#.#.#
.#
#...............
##
########.#####.#
#..@O...#
#########


You could see an ogre.

Vanquished Creatures
  2 adders (D:2)
  An ooze (D:1)
  A worm (D:2)
  2 dart slugs
  A leopard gecko (D:2)
  2 bats
  3 giant cockroaches
  3 goblins (D:2)
  5 hobgoblins
  2 jackals (D:1)
  2 ball pythons (D:1)
  3 frilled lizards (D:2)
  3 kobolds
  9 rats
39 creatures vanquished.

Notes
Turn   | Place    | Note
-------+----------+-------------------------------------------
     0 | D:1      | Fang the Gargoyle Berserker began the quest for the Orb.
     0 | D:1      | Reached XP level 1. HP: 14/14 MP: 1/1
   104 | D:1      | Reached XP level 2. HP: 15/19 MP: 2/2
   438 | D:1      | Reached XP level 3. HP: 14/23 MP: 3/3
  1016 | D:2      | Found a sacrificial altar of Ru.
  1146 | D:2      | Reached ** piety under Trog
  1186 | D:2      | Reached XP level 4. HP: 23/29 MP: 4/4
  1469 | D:2      | Noticed an ogre
  1477 | D:2      | Slain by an ogre

Skill      XL: |  1  2  3 |
---------------+----------+-----
Axes           | 3 |  3.2
Dodging        | 2 |  2.2
Armour         | 3 |  3.0
Fighting       | |  3.9

Action                   |  1- 3 |  4- 6 || total
-------------------------+-------+-------++-------
Melee: Hand axe          |   113 |    17 ||   130
Invok: Berserk           |       |     2 ||     2
  Use: Scroll            |     1 |       ||     1
  Eat: Chunk             |     1 |     2 ||     3
Armor: Animal skin       |    26 |     5 ||    31
Dodge: Dodged            |    80 |     5 ||    85
